 Dungeon Crawl Stone Soup version 0.31-a0-236-g9a0961fb85 (webtiles) character file.

Game seed: 12266595038466412348

153 qw the Shooter (level 5, -9/45 HPs)
             Began as a Minotaur Hexslinger on July 10, 2023.
             Mangled by an ogre
             ... wielding a +0 giant spiked club
              (24 damage)
             ... on level 4 of the Dungeon.
             The game lasted 00:01:03 (2432 turns).

qw the Shooter (Minotaur Hexslinger)                Turns: 2432, Time: 00:01:04

Health: -9/45      AC:  8    Str: 10 (12) XL:     5   Next: 12%
Magic:  5/5        EV: 10    Int:  9 (10) God:
Gold:   123        SH:  0    Dex: 13 (15) Spells: 5/6 levels left

rFire   . . .        Y - +1 sling
rCold   . . .        (no shield)
rNeg    . . .        c - +0 ring mail
rPois   +            f - +0 hat {SInv}
rElec   .            (no cloak)
rCorr   .            (no gloves)
SInv    +            l - +2 pair of boots
Will    +....        (no amulet)
Stlth   +            b - ring of poison resistance
HPRegen 0.27/turn    d - ring of willpower
MPRegen 0.09/turn

%: no passive effects
@: no status effects
A: horns 2, retaliatory headbutt
a: no special abilities


You were on level 4 of the Dungeon.
You visited 1 branch of the dungeon, and saw 4 of its levels.

You collected 149 gold pieces.
You spent 26 gold pieces at shops.


Innate Abilities, Weirdness & Mutations

You have a pair of horns on your head.
You reflexively headbutt those who attack you in melee.


   Skills:
 - Level 3.0 Fighting
 - Level 5.2 Ranged Weapons
 + Level 0.4 Armour
 - Level 2.1 Dodging
 - Level 1.0 Spellcasting
 - Level 2.0 Hexes


You had 5 spell levels left.
You knew the following spells:

 Your Spells              Type           Power      Damage    Failure   Level
a - Slow                  Hex            16%        N/A       38%         1

Your spell library contained the following spells:

 Spells                   Type           Power      Damage    Failure   Level
 Inner Flame              Hex/Fire       2%         N/A       88%         3
 Portal Projectile        Hex/Tloc       4%         N/A       88%         3
 Cause Fear               Hex            2%         N/A       99%         4

Inventory:

Hand Weapons
 Y - a +1 sling (weapon)
Armour
 c - a +0 ring mail (worn)
 f - a +0 hat of see invisible (worn)
 l - a +2 pair of boots (worn)
Jewellery
 b - a ring of poison resistance (left hand)
 d - a ring of willpower (right hand)
Scrolls
 i - 2 scrolls of identify
Potions
 h - a potion of resistance

Dungeon Overview and Level Annotations

Branches:
Dungeon (4/15)
 Temple: D:4-7

Altars:

Shops:
D:1 ?

Annotations:
D:3 2 runed translucent doors, qw's ghost, weakling MiHs


Message History

2392 ||| READING 3 scrolls of identify.
As you read the scroll of identify, it crumbles to dust.
j - a potion of brilliance;
2392 ||| IDENTIFYING inky potion Could not explore, unopened runed door.
2393 ||| DROPPING potion of ambrosia.
You drop a potion of ambrosia.
Could not explore, unopened runed door.
2394 ||| DROPPING potion of brilliance.
You drop a potion of brilliance.
Could not explore, unopened runed door.
(D) Dungeon
Where to? (* - list waypoints, Enter - D:3, ? - help)
What level of the Dungeon? (default 1, ? - help)
There is a stone staircase leading down here.
You climb downwards.
There is a stone staircase leading up here.
An ufetubus is nearby!
Waypoint 3 assigned to D:4.
You shoot a sling bullet.
The sling bullet hits the ufetubus but does no damage.
You shoot a sling bullet. The sling bullet hits the ufetubus.
You kill the ufetubus!
An ogre comes into view. It is wielding a +0 giant spiked club.
The ogre shouts!
You shoot a sling bullet.
The sling bullet barely misses the ogre.
You shoot a sling bullet. The sling bullet hits the ogre!
The ogre is moderately wounded.
The ogre closely misses you.
You shoot a sling bullet. The sling bullet hits the ogre.
The ogre is heavily wounded.
You shoot a sling bullet.
The sling bullet barely misses the ogre.
The ogre hits you with a +0 giant spiked club!
You shoot a sling bullet. The sling bullet hits the ogre.
The ogre is severely wounded.
The ogre hits you with a +0 giant spiked club!
You shoot a sling bullet.
The sling bullet hits the ogre but does no damage.
The ogre is severely wounded.
The ogre hits you with a +0 giant spiked club!!
Ouch! That really hurt!
You die...

#.# ... ....##.#
... ...##.## #...
#......
#....#..##.#
#....#..##.####.##
...........O......
#....#...#@#
.......<...#
...........#
#.#.........#
#.###.##..# ..
..##..# ..
##......# +
......... #.#
..##.


You could see an ogre.

Vanquished Creatures
  3 gnolls (D:3)
  4 adders
  An ufetubus (D:4)
  A worm (D:2)
  3 dart slugs
  8 bats
  3 endoplasms
  3 giant cockroaches
  9 goblins
  4 hobgoblins
  8 jackals (D:3)
  5 kobolds
  4 quokkas
  4 ball pythons
  3 frilled lizards
  8 rats
71 creatures vanquished.

Notes
Turn   | Place    | Note
-------+----------+-------------------------------------------
     0 | D:1      | qw the Minotaur Hexslinger began the quest for the Orb.
     0 | D:1      | Reached XP level 1. HP: 16/16 MP: 1/1
     0 | D:1      | 0 ||| qw: Version: 0.3-a-52-g30416fa
     0 | D:1      | 0 ||| qw: Game counter: 4769
     0 | D:1      | 0 ||| qw: Melee chars always use a shield: true
     0 | D:1      | 0 ||| qw: God list: Okawaru
     0 | D:1      | 0 ||| qw: Allow faded altars: false
     0 | D:1      | 0 ||| qw: Do Orc after clearing Dungeon:15 true
     0 | D:1      | 0 ||| qw: Do second Lair branch before Depths: true
     0 | D:1      | 0 ||| qw: Lair rune preference: random
     0 | D:1      | 0 ||| qw: Goals: Normal
     0 | D:1      | 0 ||| PLANNING D:1-11
   227 | D:1      | Reached skill level 3 in Ranged Weapons
   227 | D:1      | Reached XP level 2. HP: 23/23 MP: 2/2
   537 | D:1      | Found Pafa's Magic Scroll Shop.
   544 | D:1      | 544 ||| SHOPLISTING scroll of enchant armour (97 gold, have
                  | 60).
   544 | D:1      | 544 ||| BUYING scroll of identify (26 gold).
   544 | D:1      | Bought a scroll of identify for 26 gold pieces
   544 | D:1      | 544 ||| SHOPLISTING scroll of teleportation (39 gold, have
                  | 34).
   635 | D:1      | Reached XP level 3. HP: 29/29 MP: 3/3
   847 | D:1      | 847 ||| UPGRADING to +0 hat of see invisible.
   852 | D:1      | 852 ||| UPGRADING to +2 pair of boots.
   857 | D:1      | 857 ||| READING scroll labelled YPAYFF LASIKU.
   858 | D:1      | 858 ||| DRINKING 2 fuming white potions.
   859 | D:1      | 859 ||| DROPPING scroll of poison.
  1031 | D:2      | Reached skill level 4 in Ranged Weapons
  1031 | D:2      | 1031 ||| FLEEEEING.
  1032 | D:2      | 1032 ||| FLEEEEING.
  1296 | D:2      | 1296 ||| FLEEEEING.
  1297 | D:2      | 1297 ||| FLEEEEING.
  1302 | D:2      | 1302 ||| FLEEEEING.
  1303 | D:2      | 1303 ||| FLEEEEING.
  1304 | D:2      | 1304 ||| FLEEEEING.
  1305 | D:2      | 1305 ||| FLEEEEING.
  1306 | D:2      | 1306 ||| FLEEEEING.
  1307 | D:2      | 1307 ||| FLEEEEING.
  1313 | D:2      | 1313 ||| FLEEEEING.
  1314 | D:2      | 1314 ||| FLEEEEING.
  1315 | D:2      | 1315 ||| STAIRDANCE
  1345 | D:1      | 1345 ||| READING scroll labelled TYUTOMA SAOTT.
  1350 | D:1      | 1350 ||| READING scroll labelled GEKOEXZ SIWK.
  1351 | D:1      | 1351 ||| DRINKING 2 murky sapphire potions.
  1710 | D:2      | 1710 ||| READING 2 scrolls of identify.
  1710 | D:2      | 1710 ||| IDENTIFYING smoky amethyst potion
  1711 | D:2      | 1711 ||| DROPPING potion of lignification.
  1819 | D:2      | 1819 ||| UPGRADING to +0 leather armour.
  1829 | D:2      | 1829 ||| DROPPING +0 robe.
  1830 | D:2      | 1830 ||| READING scroll labelled ZUTEDE BITAA.
  1839 | D:3      | Reached XP level 4. HP: 36/36 MP: 4/4
  1913 | D:3      | Reached skill level 5 in Ranged Weapons
  1922 | D:3      | 1922 ||| FLEEEEING.
  1923 | D:3      | 1923 ||| FLEEEEING.
  1924 | D:3      | 1924 ||| FLEEEEING.
  1926 | D:3      | 1926 ||| FLEEEEING.
  1927 | D:3      | 1927 ||| FLEEEEING.
  1932 | D:3      | 1932 ||| FLEEEEING.
  1933 | D:3      | 1933 ||| STAIRDANCE
  2005 | D:2      | 2005 ||| DRINKING 2 fuming clear potions.
  2006 | D:2      | 2006 ||| DROPPING potion of degeneration.
  2121 | D:3      | Reached skill level 3 in Fighting
  2182 | D:3      | Reached XP level 5. HP: 45/45 MP: 5/5
  2255 | D:3      | Found a large runed translucent door.
  2255 | D:3      | Found a large runed translucent door.
  2266 | D:3      | Noticed qw's ghost (weakling MiHs)
  2377 | D:3      | 2377 ||| UPGRADING to +0 ring mail.
  2387 | D:3      | 2387 ||| DROPPING +0 leather armour.
  2388 | D:3      | 2388 ||| UPGRADING to ring of poison resistance.
  2389 | D:3      | 2389 ||| UPGRADING to ring of willpower.
  2390 | D:3      | 2390 ||| DRINKING 2 lumpy white potions.
  2391 | D:3      | 2391 ||| DRINKING potion of curing.
  2391 | D:3      | 2391 ||| (to cure confusion)
  2392 | D:3      | 2392 ||| READING 3 scrolls of identify.
  2392 | D:3      | 2392 ||| IDENTIFYING inky potion
  2393 | D:3      | 2393 ||| DROPPING potion of ambrosia.
  2394 | D:3      | 2394 ||| DROPPING potion of brilliance.
  2426 | D:4      | Noticed an ogre
  2432 | D:4      | Mangled by an ogre

Levels and vault maps discovered:
D:1:      psy_arrival_radial02, layout_basic, serial_shops,
          nicolae_shop_advertising_works [nicolae_subvault_shop_adworks],
          hangedman_glass_teeth, chequers_serial_rivers_room_b,
          minmay_misc_feat_five, minivault_24, minmay_misc_feat_plants
D:2:      layout_basic, dreamdust_princess_corridor
D:3:      layout_rooms, ebering_ghost_disaster_area
D:4:      wad_pebble_path, layout_basic, mainiacjoe_overflow_six_doors_small,
          lemuel_crystal_altar, gammafunk_ghost_cemetery

Skill      XL: |  1  2  3  4 |
---------------+-------------+-----
Ranged Weapons | 3 4 5 |  5.2
Fighting       | 2 3 |  3.0
Armour         | |  0.4
Dodging        | |  2.1
Spellcasting   | |  1.0
Hexes          | |  2.0

Action                     |  1- 3 |  4- 6 || total
---------------------------+-------+-------++-------
   Fire: Sling             |   128 |    83 ||   211
    Use: Scroll            |     5 |     1 ||     6
         Potion            |     2 |     3 ||     5
 Armour: Robe              |     9 |       ||     9
         Leather armour    |     2 |    19 ||    21
  Dodge: Dodged            |    33 |    23 ||    56

Table legend:
 A = Non-vault XP
 B = Vault XP
 C = Vault XP percentage of total XP
 D = Non-vault monster count
 E = Vault monster count
 F = Vault count percentage of total count
                 A         B        C        D         E       F
            +---------+---------+-------+---------+---------+-------
      Total |     219 |       0 |   0.0 |      71 |       0 |   0.0
            +---------+---------+-------+---------+---------+-------
        D:1 |      43 |       0 |   0.0 |      25 |       0 |   0.0
        D:2 |      49 |       0 |   0.0 |      19 |       0 |   0.0
        D:3 |     119 |       0 |   0.0 |      26 |       0 |   0.0
        D:4 |       8 |       0 |   0.0 |       1 |       0 |   0.0
            +---------+---------+-------+---------+---------+-------
